[Event "Titled Tuesday Blitz June 6 Early 2023"]
[White "Djordjevic, Vuk"]
[Black "Szyszylo, Rafal"]
[WhiteFideId "902098"]
[BlackFideId "1109626"]
[WhiteElo "2463"]
[BlackElo "1951"]
[Result "1-0"]
[Round "1"]
[TimeControl "180+2"]
[Date "2023.06.06"]
[WhiteClock "0:00:45"]
[BlackClock "0:00:04"]
[Board "68"]

1. d4 d6 2. Bg5 g6 3. Nf3 Nf6 4. Bxf6 Bg7 5. e3 Bxf6 6. Bd3 O-O 7. O-O Nd7 8. c3 e5 9. Nbd2 Re8 10. a4 a5 11. Re1 Bg7 12. Qb3 Nb6 13. e4 Be6 14. d5 Bc8 15. Qc2 Nd7 16. b4 b6 17. Nb3 f5 18. exf5 gxf5 19. Bxf5 axb4 20. Bxh7+ Kh8 21. cxb4 Nf6 22. Bg6 Nxd5 23. Bf7 Nf4 24. Bxe8 Qxe8 25. Qxc7 Qg6 26. Qd8+ Kh7 27. Qg5 Qc2 28. Nbd4 exd4 29. Qxf4 Bb7 30. Ng5+ Kg8 31. Qf7+ Kh8 32. Qxb7 Rf8 33. Qe4 d3 34. Qh7# 1-0


[Site "https://www.chess.com"]

[Event "Titled Tuesday Blitz June 6 Early 2023"]
[White "Barbot, Pierre"]
[Black "Danielyan, Vahe"]
[WhiteFideId "663727"]
[BlackFideId "13304828"]
[WhiteElo "2431"]
[BlackElo "2423"]
[Result "0-1"]
[Round "1"]
[TimeControl "180+2"]
[Date "2023.06.06"]
[WhiteClock "0:00:02"]
[BlackClock "0:01:04"]
[Board "69"]

1. d4 Nf6 2. Nf3 d5 3. Bf4 c5 4. e3 Nc6 5. Nbd2 Bg4 6. h3 Bh5 7. Bb5 Qb6 8. c4 e6 9. g4 Bg6 10. Qa4 Rc8 11. Rc1 a6 12. Bxc6+ Qxc6 13. Qxc6+ Rxc6 14. Ne5 Rc8 15. cxd5 Nxd5 16. Nxg6 hxg6 17. Bg3 Be7 18. Ne4 c4 19. Nd6+ Bxd6 20. Bxd6 Kd7 21. Ba3 g5 22. Kd2 b5 23. Bc5 Rh6 24. b3 c3+ 25. Kd3 b4 26. Rh2 Rch8 27. Rch1 a5 28. f3 f5 29. gxf5 exf5 30. Kc4 Nxe3+ 31. Kb5 c2 32. d5 Rxh3 33. Rxh3 Rxh3 34. Rxh3 c1=Q 35. Bxe3 Qf1+ 0-1


[Site "https://www.chess.com"]

[Event "Titled Tuesday Blitz June 6 Early 2023"]
[White "Kushko, Dmitriy"]
[Black "Shapiro, Viktor"]
[WhiteFideId "14162261"]
[BlackFideId "4175700"]
[WhiteElo "2230"]
[BlackElo "2212"]
[Result "1-0"]
[Round "1"]
[TimeControl "180+2"]
[Date "2023.06.06"]
[WhiteClock "0:00:12"]
[BlackClock "0:00:23"]
[Board "70"]

1. Nf3 Nf6 2. g3 d5 3. Bg2 Bg4 4. O-O e6 5. h3 Bh5 6. d4 Be7 7. c4 O-O 8. Qb3 Nc6 9. Nbd2 Na5 10. Qc3 c6 11. c5 b5 12. g4 Bg6 13. Ne5 Rc8 14. b3 Nb7 15. a4 a5 16. axb5 cxb5 17. Nxg6 hxg6 18. Qd3 Qd7 19. Nf3 Rfd8 20. g5 Ne4 21. Ne5 Qc7 22. Bxe4 dxe4 23. Qxe4 Rd5 24. Bf4 Qd8 25. e3 Bxg5 26. Kh1 Bxf4 27. Qxf4 Qf6 28. Qxf6 gxf6 29. Ng4 Kg7 30. f4 f5 31. Ne5 f6 32. Nf3 Kf7 33. Kg2 Rdd8 34. h4 Ra8 35. Ra2 Ra6 36. Rfa1 Rda8 37. Kf2 Nd8 38. Ke2 Nc6 39. Kd2 R6a7 40. Ne1 Rh8 41. Nf3 Rd7 42. Kc3 e5 43. fxe5 fxe5 44. Rd2 Ke6 45. d5+ Rxd5 46. Ng5+ Kf6 47. Rxd5 Rxh4 48. Rd6+ Kxg5 49. Rg1+ Rg4 50. Rxg4+ fxg4 51. Kd2 Nb4 52. c6 Na6 53. Rd7 g3 54. Ke2 a4 55. bxa4 b4 56. Rb7 Kg4 57. Kf1 Kf3 58. Rb6 g2+ 59. Kg1 Nc7 60. Rxb4 Kxe3 61. Kxg2 e4 62. Rb7 Nd5 63. c7 Nf4+ 64. Kh2 1-0


[Site "https://www.chess.com"]

[Event "Titled Tuesday Blitz June 6 Early 2023"]
[White "Yeritsyan, Hayk"]
[Black "Antal, Gergely"]
[WhiteFideId "13307320"]
[BlackFideId "717312"]
[WhiteElo "2431"]
[BlackElo "2471"]
[Result "0-1"]
[Round "1"]
[TimeControl "180+2"]
[Date "2023.06.06"]
[WhiteClock "0:00:06"]
[BlackClock "0:00:32"]
[Board "71"]

1. e4 d5 2. exd5 Nf6 3. Nc3 Nxd5 4. Bc4 c6 5. Qf3 e6 6. Nge2 Bd6 7. d4 O-O 8. O-O Nd7 9. Ne4 Be7 10. c3 f5 11. N4g3 Bd6 12. Nf4 N7f6 13. Re1 Nxf4 14. Bxf4 Nd5 15. Bxd6 Qxd6 16. Re5 b5 17. Bb3 a5 18. Rae1 a4 19. Bxd5 cxd5 20. a3 Bd7 21. Nh5 b4 22. cxb4 Rac8 23. Qg3 Rf7 24. Nf4 Rc2 25. Nxe6 Bxe6 26. Rxe6 Qxe6 27. f4 Re2 28. Rc1 h6 29. h4 Re7 30. Kh2 Kh7 31. h5 Re3 32. Qh4 Qf6 33. Qxf6 gxf6 34. Rc5 Rb3 35. Ra5 Rxb2 36. Rxa4 Ree2 37. Ra7+ Kg8 38. Ra6 Rxg2+ 39. Kh3 Rgd2 40. Rxf6 Rb3+ 41. Kh4 Rh2# 0-1


[Site "https://www.chess.com"]

[Event "Titled Tuesday Blitz June 6 Early 2023"]
[White "Karthik Rajaa"]
[Black "Avazkhonov, Alikhon"]
[WhiteFideId "25035215"]
[BlackFideId "14208504"]
[WhiteElo "2215"]
[BlackElo "1739"]
[Result "1-0"]
[Round "1"]
[TimeControl "180+2"]
[Date "2023.06.06"]
[WhiteClock "0:01:06"]
[BlackClock "0:00:04"]
[Board "72"]

1. Nf3 d5 2. b3 c6 3. Ba3 Bg4 4. e3 Nd7 5. Be2 Ngf6 6. O-O g6 7. d4 Bg7 8. c4 O-O 9. Nbd2 Re8 10. h3 Bf5 11. Bb2 Ne4 12. Nxe4 Bxe4 13. Ng5 e5 14. Nxe4 dxe4 15. d5 Nc5 16. dxc6 bxc6 17. Ba3 Nd3 18. Qc2 Qa5 19. Bd6 Rad8 20. c5 Bf8 21. Bxd3 exd3 22. Qxd3 Qxc5 23. Bxc5 Rxd3 24. Bxa7 Ra8 25. Bb6 Ra6 26. Bc7 f6 27. Rfd1 Rxd1+ 28. Rxd1 Rxa2 29. Rd8 Kf7 30. Rd7+ Ke6 31. Rxh7 Ra1+ 32. Kh2 Ra7 33. Rh8 Bg7 34. Rc8 f5 35. Bb8 Rb7 36. Rxc6+ Kd5 37. Rxg6 e4 38. Bf4 Bc3 39. Rd6+ Kc5 40. Rd8 Rxb3 41. Rf8 Rb1 42. Rxf5+ Kc4 43. h4 Kd3 44. h5 Ke2 45. Bg3 Be1 46. h6 Rb6 47. Rh5 Bxf2 48. Bxf2 Kxf2 49. h7 Rg6 50. Rf5+ 1-0


[Site "https://www.chess.com"]

[Event "Titled Tuesday Blitz June 6 Early 2023"]
[White "Redzisz, Michal"]
[Black "Pulpan, Jakub"]
[WhiteFideId "21816107"]
[BlackFideId "302759"]
[WhiteElo "2175"]
[BlackElo "2484"]
[Result "0-1"]
[Round "1"]
[TimeControl "180+2"]
[Date "2023.06.06"]
[WhiteClock "0:00:14"]
[BlackClock "0:00:43"]
[Board "73"]

1. e4 c5 2. Nf3 e6 3. g3 d5 4. exd5 exd5 5. d4 Nc6 6. Bg2 Bg4 7. c3 Bd6 8. dxc5 Bxc5 9. O-O Nge7 10. Bf4 O-O 11. h3 Bh5 12. g4 Bg6 13. Nbd2 Bd6 14. Bxd6 Qxd6 15. Nc4 Qf4 16. Ne3 Rad8 17. Nd4 Rfe8 18. Qd2 Ne5 19. Nc4 Nd3 20. Qxf4 Nxf4 21. Ne5 Be4 22. f3 Bd3 23. Rfe1 Neg6 24. Nxg6 hxg6 25. g5 Bf5 26. h4 Nd3 27. Red1 Nxb2 28. Re1 Nd3 29. Reb1 b6 30. Nxf5 gxf5 31. Rd1 Nf4 32. Rd2 Re3 33. Rad1 Rxc3 34. Kf2 d4 35. Kg3 Ne6 36. Bh3 g6 37. h5 Nxg5 38. hxg6 Rxf3+ 39. Kh4 Nxh3 40. gxf7+ Kxf7 41. Rxd4 Rh8# 0-1


[Site "https://www.chess.com"]

[Event "Titled Tuesday Blitz June 6 Early 2023"]
[White "Csonka, Balazs"]
[Black "Mazurkiewicz, Michal"]
[WhiteFideId "742910"]
[BlackFideId "1124943"]
[WhiteElo "2404"]
[BlackElo "2063"]
[Result "1-0"]
[Round "1"]
[TimeControl "180+2"]
[Date "2023.06.06"]
[WhiteClock "0:00:18"]
[BlackClock "0:00:31"]
[Board "74"]

1. e4 d6 2. d4 Nf6 3. f3 c6 4. c4 e5 5. d5 cxd5 6. cxd5 g6 7. Nc3 Bg7 8. Be3 O-O 9. Bd3 Nbd7 10. Nge2 Nc5 11. Bc2 a5 12. a3 Nh5 13. O-O f5 14. b4 axb4 15. axb4 Rxa1 16. Qxa1 Nd7 17. Nb5 Ndf6 18. Qa5 Qe7 19. Qc7 Qxc7 20. Nxc7 Bd7 21. Ne6 Bxe6 22. dxe6 Re8 23. exf5 gxf5 24. Bxf5 Nd5 25. Bd2 Nhf4 26. Nxf4 exf4 27. Rc1 Bd4+ 28. Kf1 Bb6 29. Be4 Nf6 30. Bxb7 Rxe6 31. Bxf4 Re7 32. Ba6 Ra7 33. Be2 d5 34. b5 Ra2 35. g4 d4 36. Bc4+ 1-0


[Site "https://www.chess.com"]

[Event "Titled Tuesday Blitz June 6 Early 2023"]
[White "Federzoni, Enzo"]
[Black "Pakleza, Zbigniew"]
[WhiteFideId "2173301"]
[BlackFideId "1119290"]
[WhiteElo "2039"]
[BlackElo "2410"]
[Result "0-1"]
[Round "1"]
[TimeControl "180+2"]
[Date "2023.06.06"]
[WhiteClock "0:00:05"]
[BlackClock "0:00:22"]
[Board "75"]

1. e4 d6 2. Nf3 Nf6 3. Nc3 Bg4 4. Be2 e6 5. O-O Be7 6. d4 O-O 7. h3 Bh5 8. Be3 d5 9. e5 Nfd7 10. Nh2 Bg6 11. Nb1 c5 12. c3 Nc6 13. Nd2 Qb6 14. dxc5 Bxc5 15. Bxc5 Nxc5 16. b4 Nd7 17. Ng4 Ncxe5 18. Ne3 Rfc8 19. Rc1 a5 20. a3 axb4 21. axb4 Nd3 22. Bxd3 Bxd3 23. Re1 Nf6 24. Nb3 Bg6 25. Nc5 h6 26. Qd4 Qc7 27. c4 e5 28. Qd2 d4 29. Ng4 Nxg4 30. hxg4 b6 31. Nb3 Ra3 32. Qb2 Rca8 33. Na5 Rc3 34. Nb3 Rxc4 35. Rxc4 Qxc4 36. Rxe5 Qxb4 37. Re2 d3 38. Rd2 Ra4 39. Nc1 Qxb2 40. Rxb2 Ra1 0-1


[Site "https://www.chess.com"]

[Event "Titled Tuesday Blitz June 6 Early 2023"]
[White "Petrosian, Karlen"]
[Black "Ansh M Shah"]
[WhiteFideId "4176146"]
[BlackFideId "25033379"]
[WhiteElo "2345"]
[BlackElo "2084"]
[Result "1/2-1/2"]
[Round "1"]
[TimeControl "180+2"]
[Date "2023.06.06"]
[WhiteClock "0:00:39"]
[BlackClock "0:00:06"]
[Board "76"]

1. e4 c6 2. Nf3 d5 3. Nc3 Bg4 4. h3 Bxf3 5. Qxf3 e6 6. Be2 Bc5 7. O-O Nd7 8. Qg3 Bd4 9. d3 Ne7 10. Nd1 O-O 11. c3 Bb6 12. Ne3 f5 13. exf5 exf5 14. Nc2 Bc7 15. Bf4 Bxf4 16. Qxf4 Ng6 17. Qd2 Qf6 18. d4 Rae8 19. Rae1 Nh4 20. g3 Ng6 21. Bf3 f4 22. Rxe8 Rxe8 23. Bg4 Ndf8 24. Re1 Rxe1+ 25. Qxe1 fxg3 26. fxg3 Ne7 27. Nb4 g6 28. h4 h5 29. Bh3 Nf5 30. Nd3 Nd6 31. Qe5 Qxe5 32. Nxe5 Kg7 33. Kf2 Kf6 34. Kf3 g5 35. hxg5+ Kxg5 36. a4 Ng6 37. Nd7 h4 38. gxh4+ Nxh4+ 39. Ke2 Kf4 40. Nc5 Nhf5 41. Ne6+ Kg3 42. Bf1 Ne7 43. Kd3 Ng6 44. Nc5 Nf4+ 45. Kc2 Kf2 46. Bd3 Nxd3 47. Kxd3 Ke1 48. a5 Kd1 49. a6 bxa6 50. Nxa6 Nc8 51. b4 Kc1 52. Nb8 Ne7 53. Nd7 Kb2 54. Nc5 Ka3 55. Kc2 Nc8 56. Nb3 Ka4 57. Na5 Kb5 58. Kb3 Nd6 59. Kc2 Nc4 60. Nb7 a5 61. bxa5 Nxa5 62. Nd6+ Kb6 63. Kd3 Nb7 64. Ne8 Na5 65. Nf6 Nc4 66. Nd7+ Kb5 67. Nc5 Kb6 68. Kc2 Kb5 69. Kb3 Na5+ 70. Kb2 Kc4 71. Kc2 Kb5 72. Ne6 Nc4 73. Nc7+ Kb6 74. Ne8 Kb5 75. Nf6 Kb6 76. Nd7+ Kb5 77. Nc5 Kb6 78. Nd3 Kb5 1/2-1/2


[Site "https://www.chess.com"]

[Event "Titled Tuesday Blitz June 6 Early 2023"]
[White "kuanysh1981"]
[Black "caropawn10"]
[WhiteElo "2421"]
[BlackElo "2732"]
[Result "0-1"]
[Round "1"]
[TimeControl "180+2"]
[Date "2023.06.06"]
[WhiteClock "0:01:13"]
[BlackClock "0:00:24"]
[Board "77"]

1. e4 c6 2. d4 d5 3. Nc3 dxe4 4. Nxe4 Nf6 5. Nxf6+ exf6 6. Be3 Bd6 7. Qd2 O-O 8. O-O-O Nd7 9. h4 b5 10. h5 Nb6 11. Ne2 Nc4 12. Qd3 Be6 13. Nf4 Qa5 14. Nxe6 Qxa2 15. Qxc4 bxc4 16. Nxf8 c3 17. bxc3 Bxf8 18. Kd2 c5 19. Bd3 cxd4 20. Bxd4 Qd5 21. f3 Rd8 22. Be4 Qg5+ 23. Kd3 f5 24. Bc6 h6 25. Ra1 Bc5 26. Rhe1 Bxd4 27. cxd4 Qxg2 28. Re5 Qg3 29. Rae1 Kh7 30. R1e2 Qf4 31. c3 Qc1 32. Rxf5 Qb1+ 33. Rc2 Kg8 34. Bb5 a5 35. Bc4 a4 36. Rxf7 Kh8 37. Ra7 Re8 38. d5 Qf1+ 39. Kd4 Qg1+ 40. Kd3 Qe3# 0-1


[Site "https://www.chess.com"]

[Event "Titled Tuesday Blitz June 6 Early 2023"]
[White "Papasimakopoulos, Alexandros"]
[Black "Alexikov, Alexander"]
[WhiteFideId "4244125"]
[BlackFideId "14103958"]
[WhiteElo "2359"]
[BlackElo "2186"]
[Result "1-0"]
[Round "1"]
[TimeControl "180+2"]
[Date "2023.06.06"]
[WhiteClock "0:00:08"]
[BlackClock "0:00:37"]
[Board "78"]

1. d4 Nf6 2. c4 g6 3. Nc3 Bg7 4. Bg5 d6 5. e3 h6 6. Bh4 c6 7. Nf3 Bf5 8. Be2 O-O 9. Nd2 d5 10. Qb3 g5 11. Qxb7 gxh4 12. Qxa8 Qb6 13. Na4 Qa5 14. Nc5 h3 15. gxh3 Ne4 16. Nxe4 Bxe4 17. f3 Bf5 18. Qb7 Na6 19. Qb3 c5 20. Qc3 Qb6 21. Rg1 cxd4 22. Qxd4 Qxd4 23. exd4 Nb4 24. Kf2 Kh7 25. Nb3 a5 26. Rxg7+ Kxg7 27. Nxa5 Ra8 28. Nb3 dxc4 29. Bxc4 Rxa2 30. Rxa2 Nxa2 31. Nc5 Nb4 32. Ne4 Nc2 33. d5 Nb4 34. h4 h5 35. Ke3 Bd7 36. Kd4 Ba4 37. b3 Nc2+ 38. Kc3 Ne1 39. bxa4 Nxf3 40. a5 Ne5 41. Bb5 f5 42. Nc5 f4 43. a6 f3 44. Ne4 Ng4 45. a7 f2 46. a8=Q Nxh2 47. Nxf2 Nf3 48. Qd8 Kf7 49. d6 exd6 50. Qd7+ Kf6 51. Qxd6+ Kf5 52. Bd7# 1-0


[Site "https://www.chess.com"]

[Event "Titled Tuesday Blitz June 6 Early 2023"]
[White "ArchibaldCerveza29"]
[Black "Quintiliano Pinto, Renato R."]
[BlackFideId "2117568"]
[WhiteElo "2420"]
[BlackElo "2459"]
[Result "0-1"]
[Round "1"]
[TimeControl "180+2"]
[Date "2023.06.06"]
[WhiteClock "0:00:24"]
[BlackClock "0:00:13"]
[Board "79"]

1. e4 c5 2. c3 Nf6 3. e5 Nd5 4. d4 cxd4 5. Nf3 e6 6. cxd4 d6 7. Bc4 Nc6 8. O-O Be7 9. Bxd5 exd5 10. Nc3 Be6 11. Re1 O-O 12. Bf4 dxe5 13. Nxe5 Qb6 14. Nxc6 bxc6 15. b3 Rac8 16. Na4 Qb5 17. Rc1 Ba3 18. Rc2 Bf5 19. Rce2 Bg4 20. f3 Be6 21. Qc2 c5 22. dxc5 Bxc5+ 23. Nxc5 Rxc5 24. Qb2 Rfc8 25. Be5 Qd3 26. Bxg7 Rc2 27. Qe5 Rxe2 28. Rxe2 Rc1+ 29. Kf2 Qb1 30. Bh6 Rf1+ 31. Kg3 Qg6+ 32. Qg5 Qxg5+ 33. Bxg5 Kg7 34. Be3 Rd1 35. Bxa7 d4 36. Re4 d3 37. Rd4 Bf5 38. Bb8 Rc1 39. Bf4 Rc2 40. a4 f6 41. a5 Ra2 42. b4 Ra4 43. h3 Kf7 44. Kf2 Ke6 45. Ke3 Ra2 46. g4 Re2# 0-1


[Site "https://www.chess.com"]

[Event "Titled Tuesday Blitz June 6 Early 2023"]
[White "Di Benedetto, Edoardo"]
[Black "Rangel, Daniel"]
[WhiteFideId "875740"]
[BlackFideId "2124475"]
[WhiteElo "2296"]
[BlackElo "2231"]
[Result "0-1"]
[Round "1"]
[TimeControl "180+2"]
[Date "2023.06.06"]
[WhiteClock "0:00:50"]
[BlackClock "0:00:14"]
[Board "80"]

1. d4 Nf6 2. c4 e6 3. Nf3 d5 4. g3 Be7 5. Bg2 O-O 6. O-O a5 7. Nc3 c6 8. Qd3 b6 9. Ne5 Ba6 10. b3 Nfd7 11. Nxd7 Nxd7 12. Bb2 c5 13. dxc5 Nxc5 14. Qc2 d4 15. Rad1 e5 16. Bxa8 Qxa8 17. Nd5 Bd8 18. e3 d3 19. Rxd3 Nxd3 20. Qxd3 f6 21. Ba3 Re8 22. Rd1 Bb7 23. Qf5 Bc8 24. Qh5 g6 25. Qf3 Kg7 26. e4 h5 27. Qe3 Bg4 28. f3 Be6 29. Nxb6 Bxb6 30. Qxb6 a4 31. Qc7+ Kg8 32. Qd6 axb3 33. axb3 h4 34. gxh4 Qb7 35. Rd3 Qh7 36. Qc5 Qxh4 37. Qf2 Qh7 38. Bc1 Ra8 39. Rd1 Ra1 40. Qe2 Qh5 41. Be3 Ra8 42. Qg2 Bh3 43. Qf2 Kh8 44. Bb6 f5 45. Bc7 fxe4 46. fxe4 Qxd1+ 0-1


[Site "https://www.chess.com"]

[Event "Titled Tuesday Blitz June 6 Early 2023"]
[White "Bochnicka, Vladimir"]
[Black "Yuan, Qingyu"]
[WhiteFideId "14943450"]
[BlackFideId "8609772"]
[WhiteElo "2094"]
[BlackElo "2359"]
[Result "1/2-1/2"]
[Round "1"]
[TimeControl "180+2"]
[Date "2023.06.06"]
[WhiteClock "0:00:12"]
[BlackClock "0:00:05"]
[Board "81"]

1. e4 e5 2. Nf3 Nc6 3. Bc4 Bc5 4. c3 Nf6 5. d3 O-O 6. Nbd2 d5 7. exd5 Nxd5 8. O-O Nb6 9. Re1 Bg4 10. h3 Bh5 11. Ne4 Nxc4 12. Nxc5 Qd5 13. dxc4 Qxc5 14. Qd5 Qe7 15. Bg5 Qd6 16. Nxe5 Nxe5 17. Qxe5 Qxe5 18. Rxe5 Bg6 19. Re7 Rac8 20. Rd1 f6 21. Bf4 Rf7 22. Rdd7 Rxe7 23. Rxe7 Bf7 24. b3 a6 25. Bxc7 Re8 26. Rxe8+ Bxe8 27. Kf1 Kf7 28. Ke2 Ke6 29. Ke3 Bc6 30. g3 Kd7 31. Bb6 Ke6 32. Kd4 Bf3 33. a4 Bd1 34. b4 Bxa4 35. Bc5 Bc6 36. Bf8 g6 37. Kc5 Bg2 38. h4 Kd7 39. Kb6 f5 40. c5 Ke6 41. c4 Kd7 42. b5 axb5 43. cxb5 Bf3 44. Bg7 Bg2 45. Be5 Be4 46. Bf4 Bf3 47. Ka5 Be4 48. Kb4 Bf3 49. Kc4 Be2+ 50. Kb4 Bf3 51. Be3 Be2 52. c6+ bxc6 53. b6 Kc8 54. Kc5 Bf3 55. Kd6 Be4 56. Ke7 f4 57. gxf4 h5 58. Kf6 Kb7 59. Ke5 Bf5 60. Kf6 Bb1 61. Ke5 Bf5 62. Bc5 Bc2 63. Kd6 Bf5 1/2-1/2


[Site "https://www.chess.com"]

[Event "Titled Tuesday Blitz June 6 Early 2023"]
[White "Ibadov, Dashgyn"]
[Black "Lima, Kleyton Alcantara"]
[WhiteFideId "24107514"]
[BlackFideId "22718397"]
[WhiteElo "2208"]
[BlackElo "2009"]
[Result "1-0"]
[Round "1"]
[TimeControl "180+2"]
[Date "2023.06.06"]
[WhiteClock "0:01:01"]
[BlackClock "0:00:02"]
[Board "82"]

1. e4 c5 2. Nf3 d6 3. d4 cxd4 4. Nxd4 Nf6 5. Nc3 a6 6. h3 e5 7. Nde2 h5 8. Bg5 Be6 9. Bxf6 Qxf6 10. Nd5 Qd8 11. Nec3 g6 12. Bc4 Bh6 13. Qd3 Nc6 14. O-O O-O 15. Rad1 Rc8 16. Bb3 Nd4 17. f4 f5 18. Qg3 Kh7 19. Kh1 Nxb3 20. axb3 Bxd5 21. Nxd5 Rxc2 22. fxe5 dxe5 23. exf5 gxf5 24. Qd3 Rxb2 25. Rxf5 Kh8 26. Rxh5 Qd6 27. Qe3 Kg7 28. Rxh6 Qxh6 29. Qxe5+ Kh7 30. Qxb2 Rg8 31. Nf6+ 1-0


[Site "https://www.chess.com"]

[Event "Titled Tuesday Blitz June 6 Early 2023"]
[White "Mogirzan, Matei-Valeriu"]
[Black "Horvath, Dominik"]
[WhiteFideId "1257455"]
[BlackFideId "1642561"]
[WhiteElo "1733"]
[BlackElo "2407"]
[Result "0-1"]
[Round "1"]
[TimeControl "180+2"]
[Date "2023.06.06"]
[WhiteClock "0:00:03"]
[BlackClock "0:00:32"]
[Board "83"]

1. e4 e6 2. d4 d5 3. Nd2 c5 4. c3 cxd4 5. cxd4 Nc6 6. Ngf3 dxe4 7. Nxe4 Nf6 8. Nc3 Be7 9. Bd3 O-O 10. Bg5 b6 11. h4 Bb7 12. Bxf6 Bxf6 13. Bxh7+ Kxh7 14. Ng5+ Kh6 15. Qd3 g6 16. h5 Kg7 17. Nxf7 Kxf7 18. hxg6+ Ke8 19. O-O-O Ne7 20. Kb1 Rg8 21. Rh7 Rg7 22. Qb5+ Qd7 23. Qh5 Kd8 24. d5 exd5 25. Ne4 dxe4 26. Rxd7+ Kxd7 27. Qg4+ Kd6 28. Qf4+ Be5 29. Qh6 Rag8 30. Qd2+ Nd5 31. Rh5 Rxg6 32. Qc2 Rxg2 33. Rh6+ R8g6 34. Rxg6+ Rxg6 35. a3 Rg1+ 36. Ka2 Ne7 37. Qd2+ Bd5+ 38. b3 0-1


[Site "https://www.chess.com"]

[Event "Titled Tuesday Blitz June 6 Early 2023"]
[White "gau_npukyputb"]
[Black "Toktomushev, Teimur"]
[BlackFideId "14176726"]
[WhiteElo "2722"]
[BlackElo "2116"]
[Result "1/2-1/2"]
[Round "1"]
[TimeControl "180+2"]
[Date "2023.06.06"]
[WhiteClock "0:01:04"]
[BlackClock "0:00:02"]
[Board "84"]

1. f4 d5 2. d3 c5 3. Nf3 Nc6 4. Nc3 g6 5. e4 dxe4 6. Nxe4 Bg7 7. c3 b6 8. g3 Bb7 9. Bg2 Nf6 10. O-O O-O 11. Qe2 Qc7 12. Be3 Rad8 13. Rfd1 Rfe8 14. h3 e5 15. fxe5 Nxe4 16. dxe4 Nxe5 17. Bf4 Qe7 18. Rxd8 Rxd8 19. Rd1 Rxd1+ 20. Qxd1 Bxe4 21. Nxe5 Bxe5 22. Bxe5 Qxe5 23. Qe1 f5 24. Bxe4 fxe4 25. Qe3 Qd5 26. b3 Qd1+ 27. Kf2 Qc2+ 28. Qe2 Qxc3 29. Qxe4 Qd2+ 30. Kf3 Qd1+ 31. Kf2 Qd7 32. g4 Kg7 33. Qe5+ Kf7 34. Qf4+ Kg8 35. Qe5 Qf7+ 36. Kg3 Qb7 37. Qe6+ Qf7 38. Qe5 Qg7 39. Qb8+ Qf8 40. Qxa7 Qd6+ 41. Kf3 Qd5+ 42. Ke3 Qe5+ 43. Kf3 Qc3+ 44. Ke2 Qc2+ 45. Ke3 Qc3+ 46. Ke4 Qd4+ 47. Kf3 Qd3+ 48. Kf2 Qd2+ 49. Kf1 Qd1+ 50. Kf2 Qd2+ 51. Kg3 Qd3+ 52. Kh4 Qd8+ 53. Kg3 Qd3+ 54. Kf4 Qd4+ 55. Kg5 Qe3+ 56. Kh4 Qf2+ 57. Kg5 Qd2+ 58. Kf6 Qd6+ 59. Kg5 Qd2+ 60. Kh4 Qf2+ 61. Kg5 Qe3+ 62. Kf6 Qd4+ 63. Ke6 Qe4+ 64. Kd6 Qd4+ 65. Kc6 c4 66. bxc4 Qc5+ 67. Kb7 Qxc4 68. a4 Qd5+ 69. Kxb6 Qd4+ 70. Kb7 Qd7+ 71. Ka8 Qc6+ 72. Kb8 Qd6+ 73. Kb7 Qd7+ 74. Kb6 Qd4+ 75. Kb7 Qd7+ 1/2-1/2


[Site "https://www.chess.com"]

[Event "Titled Tuesday Blitz June 6 Early 2023"]
[White "Przybylski, Wojciech"]
[Black "Tristan, Leonardo"]
[WhiteFideId "1117599"]
[BlackFideId "113816"]
[WhiteElo "2228"]
[BlackElo "2461"]
[Result "1-0"]
[Round "1"]
[TimeControl "180+2"]
[Date "2023.06.06"]
[WhiteClock "0:00:06"]
[BlackClock "0:00:04"]
[Board "85"]

1. e4 d5 2. exd5 Qxd5 3. Nc3 Qa5 4. Rb1 Nf6 5. b4 Qe5+ 6. Nge2 c6 7. d4 Qc7 8. g3 Bf5 9. Bf4 Qd8 10. b5 e6 11. bxc6 bxc6 12. Bg2 Nd5 13. Nxd5 cxd5 14. O-O Bd6 15. Rb7 O-O 16. c4 Bxf4 17. Nxf4 Qc8 18. Qb3 Nc6 19. Qb2 Na5 20. Rb5 Nxc4 21. Qc3 Nd6 22. Rc5 Qb7 23. Nxd5 exd5 24. Bxd5 Qe7 25. Re1 Qf6 26. Bxa8 Rxa8 27. Qf3 Rd8 28. Rd5 g6 29. g4 Qg5 30. h3 h5 31. Qg3 hxg4 32. Rxd6 Rxd6 33. Qxd6 gxh3+ 34. Qg3 Qd2 35. Re8+ Kg7 36. Qe5+ f6 37. Qe7+ Kh6 38. Rh8+ Kg5 39. Qe3+ Qxe3 40. fxe3 Kg4 41. d5 Kf3 42. Re8 g5 43. e4 Bd7 44. Re7 Bg4 45. Kh2 Kf4 46. d6 Bc8 47. Re8 Bg4 48. Re7 Bc8 49. a4 a5 50. d7 Bxd7 51. Rxd7 Kxe4 52. Kxh3 f5 53. Kg3 g4 54. Re7+ Kd4 55. Kf4 Kc4 56. Re5 Kb4 57. Kxf5 Kxa4 58. Kxg4 Kb4 59. Kf3 a4 60. Re8 Kb3 61. Rb8+ Ka2 62. Ke3 a3 63. Kd2 Ka1 64. Kc3 a2 65. Rf8 Kb1 66. Rf1# 1-0


[Site "https://www.chess.com"]

[Event "Titled Tuesday Blitz June 6 Early 2023"]
[White "Koshulyan, Egor A."]
[Black "Marcziter, Dmitrii"]
[WhiteFideId "24237000"]
[BlackFideId "13900765"]
[WhiteElo "2216"]
[BlackElo "2162"]
[Result "1-0"]
[Round "1"]
[TimeControl "180+2"]
[Date "2023.06.06"]
[WhiteClock "0:00:20"]
[BlackClock "0:00:12"]
[Board "86"]

1. e4 c5 2. Nf3 a6 3. Nc3 e6 4. d4 cxd4 5. Nxd4 Qc7 6. a3 b5 7. Be2 Bb7 8. f4 Bc5 9. Be3 d6 10. O-O Nf6 11. Bf3 Nbd7 12. Kh1 O-O 13. Qe2 Nb6 14. Rad1 Nc4 15. Bc1 Rfe8 16. Ndxb5 axb5 17. Nxb5 Qb6 18. Qxc4 Nxe4 19. Bxe4 Bxe4 20. Qxe4 Qxb5 21. b4 d5 22. Qe5 Bb6 23. Bb2 f6 24. Qh5 Rec8 25. Qg4 Qd7 26. Bxf6 Rxc2 27. Be5 Rxa3 28. f5 Raa2 29. fxe6 Qe7 30. Rf7 Rxg2 31. Qxg2 Rxg2 32. Rxe7 Rf2 33. Rxg7+ Kh8 34. Rg2+ 1-0


[Site "https://www.chess.com"]

[Event "Titled Tuesday Blitz June 6 Early 2023"]
[White "Dimitrov, Atanas"]
[Black "Makhmudov, Shukhrat"]
[WhiteFideId "2901315"]
[BlackFideId "14200775"]
[WhiteElo "2719"]
[BlackElo "2135"]
[Result "0-1"]
[Round "1"]
[TimeControl "180+2"]
[Date "2023.06.06"]
[WhiteClock "0:00:10"]
[BlackClock "0:00:47"]
[Board "88"]

1. e4 e5 2. Nc3 Nc6 3. Bc4 Nf6 4. d3 Bc5 5. Nf3 a6 6. O-O d6 7. h3 Ne7 8. a3 Ba7 9. Nh2 c6 10. Kh1 Ng6 11. f4 exf4 12. Bxf4 Nxf4 13. Rxf4 O-O 14. Qf3 Be6 15. Bxe6 fxe6 16. Rf1 e5 17. Rf5 Nd7 18. Ng4 Qe7 19. Qg3 Kh8 20. Ne2 g6 21. R5f3 Rxf3 22. Rxf3 Rf8 23. Nh6 Rxf3 24. Qxf3 Kg7 25. Ng4 Qf7 26. Nc3 Qxf3 27. gxf3 Bd4 28. Nd1 h5 29. Nge3 Nb6 30. c3 Bxe3 31. Nxe3 Kf6 32. Kg2 Kg5 33. b3 Nd7 34. Kg3 b5 35. d4 h4+ 36. Kf2 exd4 37. cxd4 c5 38. dxc5 Nxc5 39. Nd5 Nxb3 40. Nc7 Nc5 41. Ke3 Kf6 42. f4 g5 43. Nd5+ Kg6 44. f5+ Kf7 45. Kd4 Nd7 46. Nc7 Nf6 47. Nxa6 g4 48. Ke3 gxh3 49. Kf3 Nxe4 50. Nc7 Nc3 51. Ne6 Kf6 52. Nd4 Ke5 53. Kf2 Ne4+ 54. Ke3 Ng3 55. Nf3+ Kxf5 56. Nxh4+ Ke5 57. Nf3+ Kd5 58. Kd3 Nf5 59. Nh2 Kc5 60. Kc3 d5 61. Kd3 Nd6 62. Ng4 Nc4 63. Nf2 h2 64. Kc3 Nxa3 65. Nd3+ Kd6 66. Nf2 Nc4 67. Kb4 Kc6 68. Nh1 Nd6 69. Ng3 Nf5 70. Nh1 Nd6 71. Ng3 Ne4 72. Nh1 Kb6 73. Kb3 Kc5 74. Kc2 Kc4 75. Kb2 b4 76. Kc2 b3+ 77. Kb2 Kb4 78. Kb1 Kc3 0-1


[Site "https://www.chess.com"]

[Event "Titled Tuesday Blitz June 6 Early 2023"]
[White "Manukian, Artak"]
[Black "carokannlover213"]
[WhiteFideId "13301373"]
[WhiteElo "2130"]
[BlackElo "2718"]
[Result "0-1"]
[Round "1"]
[TimeControl "180+2"]
[Date "2023.06.06"]
[WhiteClock "0:00:07"]
[BlackClock "0:00:15"]
[Board "89"]

1. e4 c5 2. Nf3 d6 3. Bb5+ Nd7 4. O-O a6 5. Bd3 Ngf6 6. Re1 e6 7. c3 b5 8. Bc2 c4 9. d4 cxd3 10. Qxd3 Bb7 11. Bg5 Be7 12. Nbd2 O-O 13. Rad1 Qc7 14. Qe2 h6 15. Bh4 Rfd8 16. a3 e5 17. Nf1 Nc5 18. Bxf6 Bxf6 19. Ng3 g6 20. h4 h5 21. Ng5 Qe7 22. Qe3 Bxg5 23. hxg5 Ne6 24. Bb3 Nf4 25. Ne2 Qxg5 26. Nxf4 Qxf4 27. Qxf4 exf4 28. Rd4 Kf8 29. Red1 Ke7 30. e5 dxe5 31. Rxd8 Rxd8 32. Rxd8 Kxd8 33. Bxf7 Be4 34. f3 Bf5 35. Kf2 Ke7 36. Bd5 Kd6 37. Bb7 a5 38. b4 axb4 39. cxb4 g5 40. Ke2 Be6 41. Be4 Bc4+ 42. Kf2 g4 43. Bg6 g3+ 44. Ke1 h4 45. Bf5 Be6 46. Bd3 Bd7 47. Bf1 Kd5 48. Kd2 Kd4 49. Ke1 Kc3 50. a4 bxa4 51. b5 a3 0-1


[Site "https://www.chess.com"]